 Dungeon Crawl Stone Soup version 0.27-a0-705-ga0013940fb (webtiles) character file.

Game seed: 4681350504403073903

47 dickylongcocking the Shield-Bearer (level 3, -10/26 HPs)
             Began as an Octopode Fighter on Mar 23, 2021.
             Mangled by an ogre
             ... wielding a +0 giant spiked club
              (21 damage)
             ... on level 2 of the Dungeon.
             The game lasted 00:00:50 (1358 turns).

dickylongcocking the Shield-Bearer (OpFi)           Turns: 1358, Time: 00:00:50

Health: -10/26     AC:  1    Str: 15    XL:     3   Next: 70%
Magic:  3/3        EV:  9    Int: 10    God:
Gold:   4          SH: 13    Dex: 12    Spells: 2/2 levels left

rFire    . . .     SeeInvis .     - Unarmed
rCold    . . .     Faith    .   g - +0 tower shield
rNeg     . . .     Spirit   .   (helmet restricted)
rPois    .         Reflect  .   (no amulet)
rElec    .         Harm     .   (no ring)
rCorr    .         Rampage  .   (no ring)
Will     .....                  (no ring)
Stlth    +++.......             (no ring)
HPRegen  0.08/turn              (no ring)
MPRegen  0.08/turn              (no ring)
                                (no ring)
                                (no ring)

@: no status effects
A: almost no armour, amphibious, 8 rings, camouflage 1, gelatinous body 1,
nimble swimmer 1, tentacles
a: no special abilities


You were on level 2 of the Dungeon.
You visited 1 branch of the dungeon, and saw 2 of its levels.

You collected 4 gold pieces.

Inventory:

Armour
 a - a +0 kite shield
 g - a +0 tower shield (worn)
Scrolls
 c - 2 scrolls of identify {unknown}
 i - a scroll of random uselessness {unknown}
Potions
 b - a potion of might
 d - 2 potions of haste {unknown}
 e - a potion of curing {unknown}
 f - a potion of magic {unknown}
 h - a potion of lignification {unknown}


   Skills:
 - Level 3.0 Fighting
 - Level 3.0 Dodging
 * Level 2.8 Stealth
 + Level 3.3 Shields
 * Level 2.9 Unarmed Combat


You had 2 spell levels left.
You didn't know any spells.
Your spell library contained the following spells:

 Spells                   Type           Power      Damage    Failure   Level
 Magic Dart               Conj           0%         1d3       99%         1
 Blink                    Tloc           N/A        N/A       100%        2
 Call Imp                 Summ           0%         N/A       100%        2
 Slow                     Hex            0%         N/A       100%        2
 Conjure Flame            Conj/Fire      0%         6-21      100%        3
 Mephitic Cloud           Conj/Pois/Air  0%         N/A       100%        3


Dungeon Overview and Level Annotations

Branches:
Dungeon (2/15)

Altars:

Shops:
D:2 !


Innate Abilities, Weirdness & Mutations

You cannot wear most types of armour.
You are amphibious.
You can wear up to eight rings at the same time.
Your skin changes colour to match your surroundings (Stealth+).
Your rubbery body absorbs attacks. (AC +1, EV +1)
You are stealthy while swimming. (Stealth+)
You have tentacles for arms and can constrict up to eight enemies at once.


Message History

There is an open door here.
You open the door.
There is an open door here.
You open the door.
There is an open door here.
Done exploring.
No target in view!
Done exploring.
No target in view!
Done exploring.
No target in view!
Done exploring.
(D) Dungeon
Where to? (? - help)
You see here a +2 dagger of venom.
There is an open door here.
There is an open door here.
There is a staircase leading out of the dungeon here.
You see here 8 stones.
There is an open door here.
Things that are here:
3 stones; a +0 dagger
There is a stone staircase leading down here.
You climb downwards.
There is a stone staircase leading up here.
An ogre comes into view. It is wielding a +0 giant spiked club.
An ogre is nearby!
An ogre is nearby!
A jackal comes into view.
Found a stone staircase leading down.
The helpless ogre fails to defend itself.
You tentacle-slap the ogre.
The ogre is lightly wounded.
The ogre hits you with a +0 giant spiked club!
Ouch! That really hurt!
Your shield prevents you from hitting the ogre.
The ogre is lightly wounded.
The ogre hits you with a +0 giant spiked club!!
Ouch! That really hurt!
You die...

#. #.####### #.... #.<..##.#
..# #... .h>
#..(....##...###... ....
........#8...8##.. .....
........##...##... .....
.............##..##..# .
#..........#...O....###.
##...#....##....@.......
######...##.........### #
####......>....#.###.......
####..........................
...............[#...######.#.#
........#.....>...#..#####...
.##....##..#..##............
#...........##.##.#####..#
#.........#....##..# ##..#


You could see an ogre.

Vanquished Creatures
  2 adders (D:2)
  A dart slug (D:1)
  3 ball pythons
  3 bats (D:2)
  A giant cockroach (D:1)
  2 hobgoblins
  4 oozes
  A quokka (D:2)
  4 goblins
  4 kobolds (D:1)
  A rat (D:2)
26 creatures vanquished.

Notes
Turn   | Place    | Note
-------+----------+-------------------------------------------
     0 | D:1      | dickylongcocking the Octopode Fighter began the quest for
                  | the Orb.
     0 | D:1      | Reached XP level 1. HP: 16/16 MP: 1/1
    92 | D:1      | Reached skill level 1 in Stealth
   232 | D:1      | Reached XP level 2. HP: 7/21 MP: 2/2
   486 | D:2      | Reached XP level 3. HP: 25/26 MP: 3/3
   494 | D:2      | Found Etoen's Distillery.
  1350 | D:2      | Noticed an ogre
  1358 | D:2      | Mangled by an ogre

Illustrated notes

Levels and vault maps discovered:
D:1:      dpeg_arrival_rhombi, layout_rooms
D:2:      layout_rooms, serial_corexii_hall, chequers_hall_statues_y,
          corexii_hall_statues_l, corexii_hall_statues_l,
          corexii_hall_statues_l, corexii_hall_statues_l,
          corexii_hall_statues_i, serial_shops, shop, uniq_sigmund

Skill      XL: |  1  2 |
---------------+-------+-----
Stealth        | 1 2 |  2.8
Fighting       | |  3.0
Dodging        | |  3.0
Shields        | |  3.3
Unarmed Combat | |  2.9

Action                   || total
-------------------------++-------
Melee: Unarmed           ||    53
       Constrict         ||    12
       Tentacles         ||    12
       Punch             ||     4
 Stab: Sleeping          ||    10
Armor: Skin              ||     5
Dodge: Dodged            ||    19
Block: Kite shield       ||    19

Table legend: (Time is in decaauts)
 A = Elapsed time spent in this place.
 B = Non-inter-level travel time spent in this place.
 C = Inter-level travel time spent in this place.
 D = Time resting spent in this place.
 E = Time spent auto-exploring this place.
 F = Levels seen in this place.
 G = Mean time per level.
                   A        B        C        D        E       F      G
               +--------+--------+--------+--------+--------+-----+--------+
         Total |   1368 |   1295 |     73 |    189 |    906 |   2 |  684.0 |
       Dungeon |   1368 |   1295 |     73 |    189 |    906 |   2 |  684.0 |
               +--------+--------+--------+--------+--------+-----+--------+

Top non-repeatable levels by time:
     D:1: 1087 daAuts
     D:2: 281 daAuts
